 Dungeon Crawl Stone Soup version 0.28-a0-1387-g3a22ab9bdc (webtiles) character file.

Game seed: 4065480015734584342

242 Deminshera the Poker (level 6, 0/49 HPs)
             Began as a Merfolk Gladiator on Jan 2, 2022.
             Slain by a gnoll (2 damage)
             ... on level 3 of the Dungeon.
             The game lasted 00:03:27 (3709 turns).

Deminshera the Poker (Merfolk Gladiator)            Turns: 3709, Time: 00:03:27

Health: 0/49       AC:  5    Str: 17    XL:     6   Next: 9%
Magic:  6/6        EV: 13    Int:  7    God:
Gold:   98         SH:  0    Dex: 15    Spells: 5/5 levels left

rFire   . . .      SeeInvis .   a - +0 trident
rCold   . . .      Faith    .   (no shield)
rNeg    . . .      Spirit   .   b - +0 leather armour
rPois   .          Reflect  .   c - +0 helmet
rElec   .          Harm     .   (no cloak)
rCorr   .          Rampage  .   (no gloves)
Will    .....      Rnd*Tele +   (no boots)
Stlth   ++........              (no amulet)
HPRegen 0.16/turn               (no ring)
MPRegen 0.10/turn               (no ring)

@: mighty, flying
A: (nimble swimmer 2), mertail, shaggy fur 1, teleportitis 1
a: no special abilities


You were on level 3 of the Dungeon.
You visited 1 branch of the dungeon, and saw 3 of its levels.

You collected 98 gold pieces.

Inventory:

Hand Weapons
 a - a +0 trident (weapon)
Missiles
 d - 2 throwing nets (quivered)
Armour
 b - a +0 leather armour (worn)
 c - a +0 helmet (worn)
Wands
 l - a wand of polymorph (4)
Scrolls
 e - 4 scrolls of identify {unknown}
 f - 2 scrolls of teleportation {unknown}
 g - a scroll of magic mapping {unknown}
 h - 4 scrolls of enchant armour {unknown}


   Skills:
 + Level 4.4 Fighting
 - Level 6.0 Polearms
 - Level 3.0 Throwing
 - Level 5.0 Dodging
 - Level 2.0 Stealth


You had 5 spell levels left.
You didn't know any spells.
Your spell library contained the following spells:

 Spells                   Type           Power      Damage    Failure   Level
 Inner Flame              Hex/Fire       0%         N/A       86%         3
 Cause Fear               Hex            0%         N/A       99%         4
 Discord                  Hex            0%         N/A       100%        8


Dungeon Overview and Level Annotations

Branches:
Dungeon (3/15)

Altars:
Dithmenos

Annotations:
D:3 1 transporter, dcsswall's ghost, amateur OpTm


Innate Abilities, Weirdness & Mutations

((You are very nimble when in or above water. (Stealth+, EV+, Speed+++)))
Your lower body shifts to a powerful aquatic tail in water.
You are covered in fur. (AC +1)
You are occasionally teleported next to monsters.


Message History

You feel very mighty all of a sudden.
The gnoll hits the plant with a +0 club!
It was a potion of flight.
You feel very buoyant.
You fly up into the air.
The gnoll misses you.
The gnoll hits the plant with a +0 club.
The plant begins to die.
It was a potion of mutation.
You feel extremely strange. Fur sprouts all over your body.
You feel weirdly uncertain.
The gnoll hits you with a +2 halberd of chaos!
* * * LOW HITPOINT WARNING * * *
The gnoll burns you.
* * * LOW HITPOINT WARNING * * *
The gnoll hits the plant with a +0 club!
It was a potion of might.
You feel mightier all of a sudden. The gnoll closely misses you.
The gnoll hits the plant with a +0 club.
The gnoll hits the plant with a +0 flail!
You puncture the gnoll!
The gnoll is almost dead.
A nearby plant withers and dies.
The gnoll barely misses you.
The gnoll hits the plant with a +0 club.
You puncture the gnoll!
You kill the gnoll!
You have reached level 6!
The gnoll shouts!
You puncture the gnoll!
The gnoll is heavily wounded.
A nearby plant withers and dies.
The gnoll closely misses you.
You puncture the gnoll!
You kill the gnoll!
A gnoll opens the door.
You barely miss the gnoll. The gnoll closely misses you.
The gnoll hits you from afar with a +0 spear!
* * * LOW HITPOINT WARNING * * *
You hit the gnoll.
The gnoll is lightly wounded.
The gnoll hits you with a +0 flail.
You die...

#.##.≈≈#...........#≈≈.###<#
#.##.≈≈###.##'##.###≈≈.# #.#
#....≈≈..#.#...# #..≈≈.# #.#
####.#..≈≈.##.#..g#.##.≈≈.# #.#
..##.##.≈≈.#©.#.:g#..#.≈≈.# #.#
..##.##.≈≈.##.#####.##.≈≈.###.#
..##........#.#8⌠8#.#..≈≈.##..###
..#####....©#gg.©.'.#©.≈≈........
..# #.....#.#P@P#.#..≈≈..##.###
..# #.≈≈.##.##g##.##.≈≈.###.###
#.# #.≈≈.#..#...#..#.≈≈.# #....
..# #.≈≈.##g'...'g##.≈≈.# #####
..# #.≈≈..#.#P..#.#..≈≈.# ..#
#.≈≈###.##'##.###≈≈.#
..#####.≈≈#...g.......#≈≈.#
........≈≈#8.###.###.8#≈≈.#
........≈≈#..#8###8#..#≈≈.#


You could see 3 gnolls.

Vanquished Creatures
  A scorpion zombie (D:3)
  A hound skeleton (D:3)
  10 gnolls
  An adder (D:2)
  An adder skeleton (D:3)
  5 dart slugs
  An orc (D:3)
  5 bats
  7 endoplasms
  5 giant cockroaches
  4 goblins
  2 hobgoblins
  12 jackals
  8 kobolds
  5 quokkas
  7 ball pythons
  A ball python skeleton (D:3)
  A ball python zombie (D:3)
  6 frilled lizards
  2 quokka skeletons (D:3)
  3 rats
88 creatures vanquished.

Vanquished Creatures (others)
  A fungus (D:1)
  3 plants (D:3)
4 creatures vanquished.

Grand Total: 92 creatures vanquished

Notes
Turn   | Place    | Note
-------+----------+-------------------------------------------
     0 | D:1      | Deminshera the Merfolk Gladiator began the quest for the
                  | Orb.
     0 | D:1      | Reached XP level 1. HP: 16/16 MP: 1/1
   214 | D:1      | Reached XP level 2. HP: 14/23 MP: 2/2
   651 | D:1      | Reached skill level 1 in Stealth
   732 | D:1      | Reached XP level 3. HP: 27/28 MP: 3/3
  1027 | D:1      | Found a faded altar of an unknown god.
  1253 | D:2      | Reached skill level 5 in Polearms
  1379 | D:2      | Reached XP level 4. HP: 29/34 MP: 4/4
  2396 | D:2      | Found a shadowy altar of Dithmenos.
  2683 | D:3      | Reached XP level 5. HP: 29/41 MP: 5/5
  2689 | D:3      | Reached skill level 5 in Dodging
  3388 | D:3      | Reached skill level 6 in Polearms
  3555 | D:3      | Found a transporter.
  3561 | D:3      | Noticed dcsswall's ghost (amateur OpTm)
  3563 | D:3      | Found a transporter.
  3702 | D:3      | Gained mutation: You are covered in fur. (AC +1) [potion of
                  | mutation]
  3702 | D:3      | Gained mutation: You are occasionally teleported next to
                  | monsters. [potion of mutation]
  3706 | D:3      | Reached XP level 6. HP: 9/48 MP: 6/6
  3708 | D:3      | HP: 2/49 [gnoll (8)]
  3709 | D:3      | Slain by a gnoll

Illustrated notes

Levels and vault maps discovered:
D:1:      dpeg_cavernosity, layout_basic, shapermc_ecumenical_altar_mp_vishouse
D:2:      layout_basic, basic_altar, grunt_ministairs_12
D:3:      layout_loops_ring, gammafunk_ghost_gnarly_gnolls, serial_undead,
          serial_undead_d, serial_undead_d, serial_undead_f, serial_undead_a,
          serial_undead_c, serial_undead_d, minmay_fractal_squares_gapless_5

Skill      XL: |  1  2  3  4  5 |
---------------+----------------+-----
Stealth        | 1 2 |  2.0
Polearms       | 5 6 |  6.0
Fighting       | 3 4 |  4.4
Dodging        | 5 |  5.0
Throwing       | 3 |  3.0

Action                   |  1- 3 |  4- 6 || total
-------------------------+-------+-------++-------
Melee: Trident           |   143 |   183 ||   326
Throw: Throwing net      |       |     3 ||     3
  Use: Potion            |       |     3 ||     3
 Stab: Sleeping          |     7 |     6 ||    13
       Held in net/web   |       |     3 ||     3
Armor: Leather armour    |    33 |    23 ||    56
Dodge: Dodged            |    93 |    68 ||   161

Table legend: (Time is in decaauts)
 A = Elapsed time spent in this place.
 B = Non-inter-level travel time spent in this place.
 C = Inter-level travel time spent in this place.
 D = Time resting spent in this place.
 E = Time spent auto-exploring this place.
 F = Levels seen in this place.
 G = Mean time per level.
                   A        B        C        D        E       F      G
               +--------+--------+--------+--------+--------+-----+--------+
         Total |   3694 |   3638 |     56 |    719 |   2284 |   3 | 1231.3 |
       Dungeon |   3694 |   3638 |     56 |    719 |   2284 |   3 | 1231.3 |
               +--------+--------+--------+--------+--------+-----+--------+

Top non-repeatable levels by time:
     D:2: 1416 daAuts
     D:1: 1246 daAuts
     D:3: 1031 daAuts
